 Dungeon Crawl Stone Soup version 0.17-a0-1174-ge06b3cc (webtiles) character file.

114 Hanyuu the Insei (level 4, -6/28 HPs)
             Began as an Octopode Transmuter on May 30, 2015.
             Mangled by Hanyuu's ghost (8 damage)
             ... on level 3 of the Dungeon.
             The game lasted 00:05:25 (2728 turns).

Hanyuu the Insei (Octopode Transmuter)              Turns: 2728, Time: 00:05:25

Health: -6/28      AC:  1    Str:  9    XL:     4   Next: 98%
Magic:  2/7        EV: 12    Int: 16    God:
Gold:   176        SH:  0    Dex: 12    Spells: 3 memorised, 1 level left

rFire  . . .     SeeInvis .       - Unarmed
rCold  . . .     Clarity  .     (no shield)
rNeg   . . .     SustAt   +     (helmet restricted)
rPois  .         Gourm    .     g - amulet of stasis
rElec  .         Spirit   .     p - ring of sustain attributes
rCorr  .         Warding  .     (no ring)
rMut   .         Stasis   +     (no ring)
MR     .....                    (no ring)
Stlth  ++........               (no ring)
                                (no ring)
                                (no ring)
                                (no ring)

@: drained, not resistant to hostile enchantments, unstealthy
A: almost no armour, amphibious, 8 rings, constrict 8, camouflage 1, gelatinous
body 1
a: no special abilities


You were on level 3 of the Dungeon.
You were very hungry.

You visited 1 branch of the dungeon, and saw 3 of its levels.

You collected 176 gold pieces.

Inventory:

Missiles
 a - 48 arrows
 i - 34 poisoned needles
 j - 5 tomahawks (quivered)
 r - 5 javelins
 x - 16 arrows of frost
Jewellery
 g - an amulet of stasis (around mantle)
 p - a ring of sustain attributes (left tentacle)
Magical devices
 s - a wand of flame (28)
 w - a wand of magic darts (31)
Scrolls
 d - a scroll of identify
 e - 4 scrolls of remove curse
 h - a scroll of enchant armour {unknown}
 v - a scroll of enchant weapon {unknown}
Potions
 k - a potion of degeneration {unknown}
 l - a potion of might {unknown}
 m - a potion of heal wounds {unknown}
 n - a potion of curing {unknown}
 u - a potion of brilliance
 z - a potion of berserk rage {unknown}
Books
 b - a book of Changes

   Spells                             Type                      Level
   a - Beastly Appendage              Transmutation                1
   b - Sticks to Snakes               Transmutation                2
   c - Spider Form                    Transmutation/Poison         3
   d - Ice Form                       Ice/Transmutation            4
   e - Blade Hands                    Transmutation                5
Comestibles
 c - 2 bread rations
 f - 2 beef jerkies
 q - 3 fruits
 t - a slice of pizza
 A - a meat ration


   Skills:
 - Level 1.0(0.9) Fighting
 - Level 2.0(1.9) Dodging
 + Level 5.5(5.4) Unarmed Combat
 - Level 2.0(1.9) Spellcasting
 - Level 2.0(1.9) Transmutations


You had one spell level left.
You knew the following spells:

 Your Spells              Type           Power        Failure   Level  Hunger
a - Beastly Appendage     Trmt           #.....       12%         1    #......
b - Sticks to Snakes      Trmt           #.........   17%         2    ###....
c - Spider Form           Trmt/Pois      #.........   52%         3    ###....


Dungeon Overview and Level Annotations

Branches:
Dungeon (3/15)

Altars:
Ashenzari
Qazlal

Annotations:
D:3 Hanyuu's ghost, average OpTm


Innate Abilities, Weirdness & Mutations

You cannot wear most types of armour.
You are amphibious.
You can wear up to eight rings at the same time.
You can use your tentacles to constrict eight enemies at once.
Your skin changes colour to match your surroundings (Stealth).
Your rubbery body absorbs attacks (AC +1).


Message History

You hit Hanyuu's ghost.
Hanyuu's ghost is moderately damaged.
Hanyuu's ghost hits you!
* * * LOW HITPOINT WARNING * * *
You closely miss Hanyuu's ghost.
Hanyuu's ghost is moderately damaged.
Hanyuu's ghost hits you but does no damage.
You miss Hanyuu's ghost.
Hanyuu's ghost is moderately damaged.
Hanyuu's ghost closely misses you.
You miss Hanyuu's ghost.
Hanyuu's ghost is moderately damaged.
Your transformation has ended.
You bludgeon Hanyuu's ghost!
Hanyuu's ghost is heavily damaged.
Hanyuu's ghost barely misses you.
You miss Hanyuu's ghost. Your squeeze misses Hanyuu's ghost.
Hanyuu's ghost is heavily damaged.
Hanyuu's ghost hits you!
You die...

# #.##.##.####..####.#
#.##...............#
###.......#.##..######
......#...#.##..#
###.......).....##########
#.#....#####..##.......######
#.##..........##.##.........#
#.##.........#W.....##.####.#
#.....########@#.#####.# #.#
###...# #####...#####.# #W###
#...# #.............# #...S
#...# #.#####.#.##### ##### #
#...# #.# #.#.# # #...# #.#
###.#.# #######
#####...####.###...#.# #.....#
.............).#.###.###.....#
.
...............#.##..........#
#.


You could see Hanyuu's ghost.

Vanquished Creatures
  Crazy Yiuf (D:2)
  Jessica (D:2)
  2 adders
  An ooze (D:1)
  A ball python (D:3)
  5 hobgoblins
  3 jackals (D:1)
  7 bats
  2 giant cockroaches (D:2)
  2 giant newts (D:3)
  9 goblins
  4 kobolds
  3 rats
41 creatures vanquished.

Notes
Turn   | Place    | Note
--------------------------------------------------------------
     0 | D:1      | Hanyuu the Octopode Transmuter began the quest for the Orb.
     0 | D:1      | Reached XP level 1. HP: 13/13 MP: 3/3
   106 | D:1      | Reached XP level 2. HP: 8/18 MP: 5/5
  1065 | D:2      | Reached skill level 4 in Unarmed Combat
  1065 | D:2      | Reached XP level 3. HP: 8/23 MP: 4/6
  1471 | D:2      | Learned a level 2 spell: Sticks to Snakes
  1475 | D:2      | Learned a level 3 spell: Spider Form
  1583 | D:2      | Noticed Jessica
  1590 | D:2      | Killed Jessica
  1590 | D:2      | Reached XP level 4. HP: 14/28 MP: 3/7
  1632 | D:2      | Found a stormy altar of Qazlal.
  1766 | D:2      | Found a shattered altar of Ashenzari.
  1857 | D:2      | Noticed Crazy Yiuf
  1869 | D:2      | Killed Crazy Yiuf
  1869 | D:2      | Reached skill level 5 in Unarmed Combat
  2633 | D:3      | Noticed Hanyuu's ghost (average OpTm)
  2723 | D:3      | HP: 1/28 [Hanyuu's ghost (10)]
  2728 | D:3      | Mangled by Hanyuu's ghost

Vault maps used:
D:1:      dpeg_arrival_radiant, minmay_misc_feat_secret_circle
D:2:      nicolae_qazlal_general_emergency, evilmike_ruin_ashenzari,
          st_stairs_5, uniq_crazy_yiuf_cottage, uniq_jessica

Action                   |  1- 3 |  4- 6 || total
-------------------------+-------+-------++-------
Melee: Unarmed           |    50 |    45 ||    95
 Cast: Beastly Appendage |     2 |     1 ||     3
       Spider Form       |     1 |     2 ||     3
       Sticks to Snakes  |       |     2 ||     2
  Use: Potion            |     1 |       ||     1
       Scroll            |       |     2 ||     2
 Stab: Sleeping          |     2 |     3 ||     5
  Eat: Chunk             |     2 |     3 ||     5
